 Dungeon Crawl Stone Soup version 0.23.1 (webtiles) character file.

Game seed: 0

1481 OdinFK the Magician (level 8, -9/42 HPs)
             Began as a Deep Elf Fire Elementalist on Mar 5, 2019.
             Shot with an arrow by a centaur (11 damage)
             ... on level 5 of the Dungeon on Mar 6, 2019.
             The game lasted 00:26:17 (5503 turns).

OdinFK the Magician (Deep Elf Fire Elementalist)    Turns: 5503, Time: 00:26:18

Health: -9/42      AC:  6    Str:  5    XL:     8   Next: 50%
Magic:  5/21       EV: 14    Int: 23    God:
Gold:   477        SH:  0    Dex: 15    Spells: 7/22 levels left

rFire    . . .     SeeInvis .   g - +0 dagger
rCold    . . .     Gourm    .   (no shield)
rNeg     . . .     Faith    .   a - +0 robe
rPois    +         Spirit   .   (no helmet)
rElec    .         Reflect  .   u - +2 cloak
rCorr    .         Harm     .   x - +0 pair of gloves
MR       .....                  (no boots)
Stlth    ++........             (no amulet)
HPRegen  0.14/turn              w - ring of poison resistance
MPRegen  0.17/turn              (no ring)

@: no status effects
A: no striking features
a: no special abilities


You were on level 5 of the Dungeon.
You were not hungry.

You visited 1 branch of the dungeon, and saw 5 of its levels.
You also visited: Ossuary.

You collected 477 gold pieces.

Inventory:

Hand Weapons
 g - a +0 dagger (weapon)
Armour
 a - a +0 robe (worn)
 u - a +2 cloak (worn)
 x - a +0 pair of gloves (worn)
Jewellery
 w - a ring of poison resistance (left hand)
 E - an uncursed ring of ice
Wands
 F - a wand of polymorph (5)
 H - a wand of acid (1)
Scrolls
 b - 2 scrolls of teleportation {unknown}
 f - 3 scrolls of magic mapping {unknown}
 i - a scroll of fear {unknown}
 k - 3 scrolls of enchant weapon {unknown}
 m - 2 scrolls of amnesia {unknown}
 p - 2 scrolls of blinking {unknown}
 q - 2 scrolls of remove curse {unknown}
 r - 2 scrolls of immolation {unknown}
 s - 2 scrolls of random uselessness {unknown}
 v - 3 scrolls of identify {unknown}
 y - a scroll of enchant armour {unknown}
Potions
 d - 4 potions of flight {unknown}
 e - a potion of mutation {unknown}
 h - 3 potions of invisibility {unknown}
 j - 3 potions of brilliance {unknown}
 l - a potion of agility
 n - a potion of haste {unknown}
 o - 3 potions of curing
 t - 4 potions of heal wounds {unknown}
 z - 2 potions of magic {unknown}
 A - 2 potions of degeneration {unknown}
 B - a potion of resistance {unknown}
 C - a potion of ambrosia {unknown}
 D - a potion of cancellation {unknown}
 I - 2 potions of might {unknown}
Comestibles
 c - 8 rations
 G - 3 chunks of flesh


   Skills:
 + Level 0.6 Fighting
 + Level 2.1 Short Blades
 + Level 3.5 Dodging
 - Level 2.4 Stealth
 + Level 7.8 Spellcasting
 * Level 6.7 Conjurations
 + Level 6.8 Fire Magic
 + Level 1.1 Evocations


You had 7 spell levels left.
You knew the following spells:

 Your Spells              Type           Power        Failure   Level  Hunger
a - Flame Tongue          Conj/Fire      #####        1%          1    None
b - Throw Flame           Conj/Fire      #####.       1%          2    None
c - Conjure Flame         Conj/Fire      #####...     1%          3    None
d - Sticky Flame          Conj/Fire      #####...     4%          4    ###....
e - Fireball              Conj/Fire      #####.....   12%         5    #####..

Your spell library contained the following spells:

 Spells                   Type           Power        Failure   Level  Hunger
 Inner Flame              Hex/Fire       ###.....     5%          3    None


Dungeon Overview and Level Annotations

Branches:
Dungeon (5/15)
 Temple: D:4-7

Altars:
Dithmenos
Hepliaklqana
Kikubaaqudgha
Makhleb
Ru
Sif Muna
Trog
The Shining One


Message History

You open the door.
A centaur comes into view.
The centaur shouts!
The centaur wields a +0 shortbow.
The centaur shoots an arrow.
The arrow hits you!
There is an open door here.
You see here an arrow.
The centaur shoots an arrow.
The arrow hits you!
You see here an arrow.
Casting: Sticky Flame (safe; 4% risk of failure)
Confirm with . or Enter, or press ? or * to list all spells.
Aiming: Conjure Flame (safe; 1% risk of failure)
Press: ? - help, Dir - move target cursor The fire ignites!
The centaur shoots an arrow.
The arrow hits you!
* * * LOW HITPOINT WARNING * * *
You see here an arrow.
You open the door.
The centaur shoots an arrow.
The arrow barely misses you.
The centaur shoots an arrow.
The arrow hits you!
You die...

# ##...##.###.#.####.###........
###.#.).#..###.#.# #.# #...♣...♣
..#.#...#......#.# #.###........
#.#.##÷##........# ##+##..♣..)♣..
#.#.##.###.#########...#)....)...
....##.# #...# ##.......(.♣...♣
#.####.# ##..# ##.....†).......)
#.####.###...####.........♣...♣..
................@(.........(.....
##########...#.##(..........♣...♣
# #.###.###............... # #.#
# ##.....#.♣...♣.. # ..#
##(..###....... # ..# ##§##
#######. # ..# #c# # .# #.# # #.#


You could see a centaur.

Vanquished Creatures
  2 ice beasts (D:5)
  2 ogres
  A phantom (D:5)
  A bullfrog (D:4)
  2 hounds
  Crazy Yiuf (D:2)
  7 orc priests
  A centaur skeleton (D:5)
  Natasha (thrice) (D:3)
  Ijyb (D:5)
  An iguana (D:4)
  5 orc wizards
  A worker ant (D:4)
  Terence (D:2)
  8 mummies (Ossuary)
  A worker ant zombie (D:5)
  Robin (D:3)
  6 adders
  3 gnolls (D:5)
  2 shadow imps (D:5)
  2 worms
  5 dart slugs
  A leopard gecko (D:1)
  27 orcs
  2 ball pythons
  2 giant cockroaches
  8 hobgoblins
  A quokka (D:3)
  7 bats
  6 frilled lizards
  A gnoll zombie (Ossuary)
  12 goblins
  A hobgoblin zombie (Ossuary)
  5 kobolds
  3 kobold zombies (Ossuary)
  2 leopard gecko skeletons
  3 orc zombies (Ossuary)
  7 rats
  A fungus (D:2)
146 creatures vanquished.

Notes
Turn   | Place    | Note
-------+----------+-------------------------------------------
     0 | D:1      | OdinFK the Deep Elf Fire Elementalist began the quest for
                  | the Orb.
     0 | D:1      | Reached XP level 1. HP: 10/10 MP: 6/6
   209 | D:1      | Reached XP level 2. HP: 10/15 MP: 6/8
   213 | D:1      | Learned a level 2 spell: Throw Flame
   606 | D:1      | Reached XP level 3. HP: 19/19 MP: 3/10
   611 | D:1      | Learned a level 3 spell: Conjure Flame
  1161 | D:2      | Found a deep blue altar of Sif Muna.
  1321 | D:2      | Found a faded altar of an unknown god.
  1649 | D:2      | Noticed Terence
  1667 | D:2      | Killed Terence
  1667 | D:2      | Reached skill level 4 in Spellcasting
  1667 | D:2      | Reached XP level 4. HP: 23/24 MP: 1/12
  1673 | D:2      | Learned a level 4 spell: Sticky Flame
  2014 | D:2      | Found a runed translucent door.
  2015 | D:2      | Noticed Crazy Yiuf
  2022 | D:2      | Killed Crazy Yiuf
  2139 | D:3      | Noticed Natasha
  2146 | D:3      | Killed Natasha
  2146 | D:3      | Reached XP level 5. HP: 24/28 MP: 2/14
  2236 | D:3      | Found a bloodstained altar of Trog.
  2371 | D:3      | Noticed Natasha
  2373 | D:3      | Killed Natasha
  2373 | D:3      | Reached skill level 5 in Spellcasting
  2578 | D:3      | Noticed Natasha
  2582 | D:3      | Killed Natasha
  2633 | D:3      | Noticed Robin
  2678 | D:3      | Reached XP level 6. HP: 32/32 MP: 4/16
  2681 | D:3      | Killed Robin
  3050 | D:4      | Found a sand-covered staircase.
  3110 | D:4      | Reached skill level 5 in Fire Magic
  3122 | D:4      | Reached skill level 1 in Short Blades
  3148 | D:4      | HP: 1/32 [orc wizard/magic dart (8)]
  3277 | D:4      | Reached skill level 6 in Spellcasting
  3332 | D:4      | Found a shadowy altar of Dithmenos.
  3334 | D:4      | Found a glowing golden altar of the Shining One.
  3337 | D:4      | Found a hazy altar of Hepliaklqana.
  3376 | Ossuary  | Entered an ossuary
  3475 | Ossuary  | Reached XP level 7. HP: 8/36 MP: 1/18
  3488 | Ossuary  | Learned a level 5 spell: Fireball
  3998 | D:4      | Found a sacrificial altar of Ru.
  4025 | D:4      | Found an ancient bone altar of Kikubaaqudgha.
  4373 | D:4      | Reached skill level 5 in Conjurations
  4403 | D:4      | Reached skill level 7 in Spellcasting
  4722 | D:5      | Entered Level 5 of the Dungeon
  4852 | D:5      | Found an ancient bone altar of Kikubaaqudgha.
  5040 | D:5      | Reached XP level 8. HP: 42/42 MP: 14/20
  5149 | D:5      | Noticed Ijyb
  5158 | D:5      | Killed Ijyb
  5194 | D:5      | Found a burning altar of Makhleb.
  5448 | D:5      | Reached skill level 1 in Evocations
  5501 | D:5      | HP: 2/42 [centaur/arrow (12)]
  5503 | D:5      | Shot with an arrow by a centaur

Skill      XL: |  1  2  3  4  5  6  7  8 |
---------------+-------------------------+-----
Fire Magic     | 4 5 6 |  6.8
Conjurations   | 2 3 4 5 6 |  6.7
Spellcasting   | 4 5 6 7 |  7.8
Short Blades   | 1 2 |  2.1
Dodging        | 3 |  3.5
Evocations     | 1 |  1.1
Fighting       | |  0.6
Stealth        | |  2.4

Action                   |  1- 3 |  4- 6 |  7- 9 || total
-------------------------+-------+-------+-------++-------
Melee: Dagger            |     5 |    83 |    21 ||   109
 Cast: Flame Tongue      |    43 |    42 |    65 ||   150
       Throw Flame       |    23 |    46 |    25 ||    94
       Sticky Flame      |       |    13 |    15 ||    28
       Fireball          |       |       |     1 ||     1
       Conjure Flame     |       |       |     1 ||     1
Evoke: Wand              |       |       |     3 ||     3
  Use: Potion            |       |     1 |     1 ||     2
 Stab: Sleeping          |     4 |       |     2 ||     6
  Eat: Chunk             |     3 |     6 |     6 ||    15
       Ration            |       |       |     1 ||     1
Armor: Robe              |     2 |    16 |    10 ||    28
Dodge: Dodged            |    15 |    50 |    23 ||    88
